 Dungeon Crawl Stone Soup version 0.21.1 (webtiles) character file.

9187 Mgcat the Destroyer (level 11, -3/66 HPs)
             Began as a Gargoyle Fire Elementalist on Feb 2, 2018.
             Was an Elder of Vehumet.
             Slain by a yaktaur captain
             ... wielding a +0 rapier
              (7 damage)
             ... on level 8 of the Dungeon.
             The game lasted 00:41:06 (10894 turns).

Mgcat the Destroyer (Gargoyle Fire Elementalist)   Turns: 10894, Time: 00:41:07

Health: -3/66      AC: 10    Str: 12    XL:     11   Next: 42%
Magic:  11/23      EV: 13    Int: 19    God:    Vehumet [****..]
Gold:   417        SH:  0    Dex: 10    Spells: 4/26 levels left

rFire    + . .     SeeInvis .   k - +7 whip (venom)
rCold    . . .     Gourm    .   (no shield)
rNeg     + . .     Faith    .   d - +2 troll leather armour
rPois    ∞         Spirit   .   (no helmet)
rElec    +         Reflect  .   (no cloak)
rCorr    .         Harm     .   (no gloves)
MR       .....                  (no boots)
Stlth    ++........             (no amulet)
HPRegen  0.61/turn              g - ring of protection from fire
MPRegen  0.18/turn              (no ring)

@: corroded
A: negative energy resistance 1, electricity resistance, unbreathing,
petrification resistance, rot immunity, AC +8
a: Renounce Religion


You were on level 8 of the Dungeon.
You worshipped Vehumet.
Vehumet was greatly pleased with you.
You were near starving.

You visited 1 branch of the dungeon, and saw 10 of its levels.
You also visited: Ossuary.

You collected 454 gold pieces.
You spent 37 gold pieces at shops.

Inventory:

Hand Weapons
 k - a +7 whip of venom (weapon)
Armour
 d - a +2 troll leather armour (worn)
Jewellery
 g - a ring of protection from fire (left hand)
Wands
 a - a wand of paralysis (29)
 s - a wand of polymorph (38)
 w - a wand of acid (8)
 z - a wand of disintegration (15)
 C - a wand of flame (25)
Scrolls
 i - a scroll of identify
 j - 3 scrolls of magic mapping
 q - 3 scrolls of teleportation
 y - a scroll of remove curse
Potions
 f - a potion of curing
 h - a potion of invisibility {unknown}
 l - 2 potions of berserk rage
 m - 3 potions of mutation
 p - 2 potions of cancellation {unknown}
 r - 2 potions of lignification {unknown}
 t - 6 potions of degeneration
 u - 4 potions of brilliance
 v - 4 potions of haste {unknown}
 x - a potion of agility {unknown}
 A - a potion of magic {unknown}
 B - 3 potions of flight {unknown}
 D - 2 potions of resistance
 F - a potion of might {unknown}
 H - 2 potions of heal wounds {unknown}
Books
 b - a book of Flames

   Spells                             Type                      Level
   a - Flame Tongue                   Conjuration/Fire             1
   b - Throw Flame                    Conjuration/Fire             2
   c - Conjure Flame                  Conjuration/Fire             3
   d - Inner Flame                    Hexes/Fire                   3
   e - Sticky Flame                   Conjuration/Fire             4
   f - Fireball                       Conjuration/Fire             5
 o - a book of Misfortune

   Spells                             Type                      Level
   a - Confusing Touch                Hexes                        1
   b - Confuse                        Hexes                        3
   c - Gell's Gravitas                Translocation                3
   d - Petrify                        Transmutation/Earth          4
   e - Metabolic Englaciation         Hexes/Ice                    5
   f - Yara's Violent Unravelling     Hexes/Transmutation          5
Comestibles
 c - 9 rations


   Skills:
 + Level 6.4 Fighting
 - Level 3.5 Armour
 + Level 5.2 Dodging
 - Level 2.1 Stealth
 + Level 8.0 Spellcasting
 + Level 9.3 Conjurations
 + Level 9.0 Fire Magic
 - Level 4.2 Earth Magic


You had 4 spell levels left.
You knew the following spells:

 Your Spells              Type           Power        Failure   Level  Hunger
a - Flame Tongue          Conj/Fire      #####        1%          1    None
b - Throw Flame           Conj/Fire      #####.       1%          2    None
c - Conjure Flame         Conj/Fire      #####...     1%          3    None
d - Petrify               Tmut/Erth      ###.....     43%         4    ###....
e - Sticky Flame          Conj/Fire      #####...     1%          4    ###....
f - Inner Flame           Hex/Fire       ###.....     1%          3    None
g - Fireball              Conj/Fire      #####.....   2%          5    #####..


Dungeon Overview and Level Annotations

Branches:
Dungeon (10/15)            Temple (0/1) D:7            Lair (0/6) D:9
    Orc: D:9-12

Altars:
Cheibriados
Elyvilon
Fedhas
Hepliaklqana
Kikubaaqudgha
Makhleb
Qazlal
Trog
Uskayaw
Vehumet
Yredelemnul
Zin

Shops:
D:4 *(*![   D:5 (*

Annotations:
D:10 Erolcha; othur's ghost, journeyman MiFi


Innate Abilities, Weirdness & Mutations

You are resistant to torment.
Your stone body is resilient. (AC +8)
You are immune to poison.
You resist negative energy. (rN+)
You are resistant to electric shocks. (rElec)
You can survive without breathing.
You are immune to petrification.
You are immune to rotting.


Message History

The yaktaur captain burns!
The yaktaur captain hits you but does no damage.
Unknown command.
Unknown command.
You hit the yaktaur captain.
The yaktaur captain looks as sick as possible!
The yaktaur captain is severely wounded.
The yaktaur captain burns!
The yaktaur captain hits you with an uncursed rapier.
You hit the yaktaur captain.
The yaktaur captain looks as sick as possible!
The yaktaur captain is severely wounded.
The yaktaur captain burns!
The acid dragon spits acid at you. The splash of acid hits you!
* * * LOW HITPOINT WARNING * * *
The acid corrodes you!
You are splashed with acid!
The acid burns!
* * * LOW HITPOINT WARNING * * *
The yaktaur captain hits you with an uncursed rapier!
You die...

#.# #.# *,,,,,,,,,*,,,,*,, #)#
#.# #.......z,*,,,,*,⌠ #(# #.#
#........,*,,,,*,, ##(###
#(#####........,+,,,,### .....#
#.....#........,*,,,,#.. .#.#.#
#.#####........,*,,,,#.. ...#.#
#(# #........,*,,,,#.. .###.##
#.# #c....D..,*,,,,#.(
......####.#####@##############'#
####......(...##.........#8......
#...(.....(....#...).....#.....).
#.##...###.....#....)....#.......
<......# #.##.##........)'.......
#...#..# #.#.####################
#...######..## ##.# ##'.##
#....## ##..#
.....####.....###...#


You could see a yaktaur captain (burning), an acid dragon and a wight
(wandering).

Vanquished Creatures
  2 two-headed ogres
  A death yak (D:9)
  The ghost of Goblin1989 the Chopper, a novice DsMo of Uskayaw (D:9)
  A deep elf mage (D:8)
  An elephant (D:9)
  A troll (D:9)
  2 hornets
  2 hippogriffs (D:8)
  A yak (D:9)
  Eustachio (D:5)
  A basilisk (D:9)
  A water moccasin (D:10)
  3 orc warriors
  4 sky beasts
  A necrophage (D:9)
  An ice beast (D:6)
  4 ogres
  A phantom (D:8)
  A crocodile (D:9)
  6 centaurs
  2 big kobolds
  5 bullfrogs
  A wyvern zombie (D:9)
  A water moccasin zombie (Ossuary)
  2 scorpions
  9 killer bees
  6 electric eels (D:9)
  3 howler monkeys
  A bullfrog zombie (D:9)
  3 crimson imps
  4 orc priests
  3 hounds
  2 jellies
  4 orc wizards
  4 bullfrog skeletons
  2 iguanas
  8 worker ants
  A killer bee zombie (D:9)
  3 big kobold zombies (Ossuary)
  A hound skeleton (D:6)
  2 mummies (Ossuary)
  Robin (D:2)
  3 gnolls (D:7)
  10 adders
  5 shadow imps
  An ooze (D:1)
  3 adder skeletons
  5 adder zombies (Ossuary)
  A worm (D:2)
  The ghost of Andry07 the Skirmisher, a weakling GrFi (D:3)
  2 dart slugs (D:2)
  9 leopard geckos
  32 orcs
  4 bats
  4 giant cockroaches
  14 goblins
  10 hobgoblins
  6 jackals
  21 kobolds
  6 quokkas
  3 ball pythons (D:1)
  4 frilled lizards
  2 gnoll zombies (Ossuary)
  4 hobgoblin zombies (Ossuary)
  A jackal skeleton (D:6)
  8 kobold zombies (Ossuary)
  A leopard gecko zombie (D:8)
  3 orc zombies (Ossuary)
  7 rats
  2 plants (D:9)
276 creatures vanquished.

Vanquished Creatures (others)
  A fungus (D:9)
  4 plants (D:9)
5 creatures vanquished.

Grand Total: 281 creatures vanquished

Notes
Turn   | Place    | Note
-------+----------+-------------------------------------------
     0 | D:1      | Mgcat the Gargoyle Fire Elementalist began the quest for the Orb.
     0 | D:1      | Reached XP level 1. HP: 10/10 MP: 3/3
   126 | D:1      | Reached XP level 2. HP: 11/15 MP: 0/5
   923 | D:2      | Reached XP level 3. HP: 17/19 MP: 4/6
  1242 | D:2      | Noticed Robin
  1253 | D:2      | Reached XP level 4. HP: 24/24 MP: 4/8
  1268 | D:2      | Killed Robin
  1500 | D:2      | Found an ancient bone altar of Kikubaaqudgha.
  1500 | D:2      | Found a snail-covered altar of Cheibriados.
  1505 | D:2      | Found a hazy altar of Hepliaklqana.
  1507 | D:2      | Found a white marble altar of Elyvilon.
  1509 | D:2      | Found a basalt altar of Yredelemnul.
  1709 | D:3      | Noticed Andry07's ghost (weakling GrFi)
  1855 | D:3      | Learned a level 2 spell: Throw Flame
  1859 | D:3      | Learned a level 3 spell: Conjure Flame
  2103 | D:3      | Reached XP level 5. HP: 28/28 MP: 9/9
  2178 | D:4      | Found a bloodstained altar of Trog.
  2207 | D:4      | Found Nesch's Distillery.
  2207 | D:4      | Found Qamukuen's Antique Armour Shop.
  2213 | D:4      | Noticed an ogre
  2220 | D:4      | Killed an ogre
  2272 | D:4      | Bought a potion of degeneration for 10 gold pieces
  2287 | D:4      | Reached XP level 6. HP: 32/32 MP: 11/11
  2304 | D:4      | Found Jyihucro's Assorted Antiques.
  2314 | D:4      | Bought a scroll labeled VYHENOQAEXT for 27 gold pieces
  2388 | D:4      | Found Mackenn's Assorted Antiques.
  2634 | D:4      | Found Pisheuza's Weapon Emporium.
  2943 | D:5      | Entered Level 5 of the Dungeon
  2958 | D:5      | Found Onocunuo's Weapon Emporium.
  3262 | D:5      | Found Xeexzol's Elemental Accessories.
  3422 | D:5      | Noticed a dagger
  3422 | D:5      | Noticed a dagger
  3423 | D:5      | Found a hide-covered altar of Uskayaw.
  3532 | D:5      | Noticed Eustachio
  3575 | D:5      | Killed Eustachio
  3575 | D:5      | Reached skill level 5 in Fire Magic
  3575 | D:5      | Reached XP level 7. HP: 27/36 MP: 5/13
  4061 | D:6      | Reached skill level 5 in Conjurations
  4477 | D:3      | Found a white marble altar of Elyvilon.
  4528 | D:3      | Killed Andry07's ghost
  5019 | D:6      | Found a radiant altar of Vehumet.
  5027 | D:6      | Reached XP level 8. HP: 37/41 MP: 6/15
  5032 | D:6      | Reached skill level 5 in Spellcasting
  5062 | D:6      | Became a worshipper of Vehumet
  5746 | D:6      | Learned a level 4 spell: Petrify
  5751 | D:6      | Learned a level 4 spell: Sticky Flame
  5755 | D:6      | Learned a level 3 spell: Inner Flame
  5809 | D:7      | Reached skill level 1 in Earth Magic
  6008 | D:7      | Noticed a hornet
  6019 | D:7      | Killed a hornet
  6019 | D:7      | Reached skill level 1 in Fighting
  6019 | D:7      | Reached skill level 1 in Armour
  6115 | D:7      | Reached XP level 9. HP: 41/47 MP: 14/17
  6595 | D:7      | Found a staircase to the Ecumenical Temple.
  6812 | D:8      | Found a sand-covered staircase.
  6817 | Ossuary  | Entered an ossuary
  6827 | Ossuary  | Reached * piety under Vehumet
  6827 | Ossuary  | Offered knowledge of Shock by Vehumet.
  7133 | D:8      | Offered knowledge of Sandblast by Vehumet.
  7136 | D:8      | Reached ** piety under Vehumet
  7814 | D:8      | Found a burning altar of Makhleb.
  7817 | D:8      | Found a glowing silver altar of Zin.
  7817 | D:8      | Noticed an angel
  7818 | D:8      | Noticed a cacodemon
  7988 | D:9      | Noticed Goblin1989's ghost (novice DsMo)
  8164 | D:9      | Noticed a hornet
  8177 | D:8      | Killed a hornet
  8177 | D:8      | Reached XP level 10. HP: 27/56 MP: 10/19
  8248 | D:8      | Learned a level 5 spell: Fireball
  8332 | D:9      | Noticed an elephant
  8332 | D:9      | Noticed a death yak
  8335 | D:9      | Offered knowledge of Static Discharge by Vehumet.
  8502 | D:9      | Killed Goblin1989's ghost
  8845 | D:9      | Noticed a two-headed ogre
  8853 | D:9      | Killed a two-headed ogre
  8853 | D:9      | Reached skill level 5 in Fighting
  9007 | D:9      | Reached *** piety under Vehumet
  9062 | D:9      | Killed a death yak
  9288 | D:9      | Found a staircase to the Lair.
  9335 | D:9      | Killed an elephant
  9335 | D:9      | Reached XP level 11. HP: 44/64 MP: 2/22
  9451 | D:9      | Found a stormy altar of Qazlal.
  9602 | D:9      | Found a blossoming altar of Fedhas.
  9864 | D:9      | Offered knowledge of Olgreb's Toxic Radiance by Vehumet.
 10224 | D:10     | Entered Level 10 of the Dungeon
 10230 | D:10     | Noticed othur's ghost (journeyman MiFi)
 10295 | D:10     | Noticed Erolcha
 10609 | D:8      | Reached skill level 5 in Dodging
 10655 | D:8      | Noticed a two-headed ogre
 10658 | D:8      | Noticed a deep elf mage
 10668 | D:8      | Killed a two-headed ogre
 10780 | D:8      | Killed a deep elf mage
 10780 | D:8      | Reached **** piety under Vehumet
 10820 | D:8      | Noticed a yaktaur captain
 10894 | D:8      | Slain by a yaktaur captain

Skill      XL: |  1  2  3  4  5  6  7  8  9 10 11 |
---------------+----------------------------------+-----
Conjurations   | 2 3 4 5 6 7 8 9 |  9.3
Spellcasting   | 3 4 5 6 7 8 |  8.0
Fire Magic     | 4 5 6 7 8 9 |  9.0
Earth Magic    | 2 4 |  4.2
Fighting       | 1 3 5 6 |  6.4
Armour         | 1 3 |  3.5
Dodging        | 2 3 4 5 |  5.2
Stealth        | |  2.1

Action                   |  1- 3 |  4- 6 |  7- 9 | 10-12 || total
-------------------------+-------+-------+-------+-------++-------
Melee: Unarmed           |     6 |       |       |       ||     6
       Mace              |    14 |       |       |       ||    14
       Whip              |    43 |   163 |   395 |   113 ||   714
 Cast: Flame Tongue      |    24 |    29 |   139 |    86 ||   278
       Throw Flame       |       |       |    22 |    62 ||    84
       Conjure Flame     |       |       |     7 |     8 ||    15
       Inner Flame       |       |       |     1 |       ||     1
       Sticky Flame      |       |       |       |     9 ||     9
       Fireball          |       |       |       |    11 ||    11
  Use: Scroll            |       |       |    16 |     8 ||    24
       Potion            |       |       |     2 |     1 ||     3
 Stab: Sleeping          |       |     3 |     6 |     1 ||    10
  Eat: Chunk             |     1 |     8 |    16 |     7 ||    32
       Ration            |       |       |       |     1 ||     1
Armor: Robe              |    14 |       |       |       ||    14
       Troll leather arm |     7 |    74 |   211 |   114 ||   406
Dodge: Dodged            |    57 |   126 |   293 |   133 ||   609
